 Dungeon Crawl Stone Soup version 0.28-a0-1130-gc51a68064b (webtiles) character file.

Game seed: 16592117801119038557

242 avis the Ruffian (level 6, -3/56 HPs)
             Began as a Hill Orc Monk on Dec 13, 2021.
             Was a Believer of Beogh.
             Slain by Prince Ribbit (12 damage)
             ... on level 5 of the Dungeon.
             The game lasted 00:18:43 (5402 turns).

avis the Ruffian (Hill Orc Monk)                    Turns: 5402, Time: 00:18:44

Health: -3/56      AC:  3    Str: 16    XL:     6   Next: 9%
Magic:  7/7        EV: 12    Int: 10    God:    Beogh [**....]
Gold:   202        SH:  0    Dex: 13    Spells: 5/5 levels left

rFire   . . .      SeeInvis .   b - +0 hunting sling
rCold   + . .      Faith    .   (no shield)
rNeg    . . .      Spirit   .   a - +0 robe
rPois   .          Reflect  .   (no helmet)
rElec   .          Harm     .   (no cloak)
rCorr   .          Rampage  .   C - +0 pair of gloves
Will    .....                   (no boots)
Stlth   +.........              (no amulet)
HPRegen 0.18/turn               q - ring of protection from cold
MPRegen 0.10/turn               (no ring)

@: confused
A: no striking features
a: Renounce Religion, Smiting


You were on level 5 of the Dungeon.
You worshipped Beogh.
Beogh was pleased with you.
You visited 1 branch of the dungeon, and saw 5 of its levels.

You collected 202 gold pieces.

Inventory:

Hand Weapons
 b - a +0 hunting sling (weapon)
 o - a +0 trident
Missiles
 e - 66 arrows
 f - 4 boomerangs
 h - 38 sling bullets
 u - 142 stones (quivered ammo)
 w - 43 bolts
 D - 3 poisoned darts
Armour
 a - a +0 robe (worn)
 m - a +0 leather armour
 n - a +0 ring mail
 p - a +0 chain mail
 z - a +0 chain mail
 C - a +0 pair of gloves (worn)
Jewellery
 q - a ring of protection from cold (left hand)
Scrolls
 c - 5 scrolls of identify
 d - a scroll of holy word {unknown}
 l - a scroll of teleportation {unknown}
 r - a scroll of acquirement {unknown}
 s - a scroll of silence {unknown}
 x - a scroll of noise {unknown}
 y - a scroll of enchant armour {unknown}
 A - 2 scrolls of amnesia {unknown}
Potions
 g - a potion of cancellation {unknown}
 i - a potion of heal wounds {unknown}
 j - a potion of lignification {unknown}
 k - a potion of flight {unknown}
 t - 3 potions of curing
 v - a potion of mutation {unknown}
 B - a potion of haste {unknown}
 E - a potion of magic {unknown}


   Skills:
 - Level 5.0 Fighting
 - Level 2.4 Dodging
 - Level 1.5 Stealth
 * Level 6.2 Unarmed Combat
 + Level 1.9 Invocations


You had 5 spell levels left.
You didn't know any spells.
Your spell library was empty.

Dungeon Overview and Level Annotations

Branches:
Dungeon (5/15)
 Temple: D:4-7

Altars:

Annotations:
D:2 1 runed translucent door, exclusion: door, Crazy Yiuf
D:5 Prince Ribbit


Message History

You have reached level 6!
Magic restored.
There is an escape hatch in the floor here.
b - a +0 hunting sling (weapon)
You slide downwards.
The hatch slams shut behind you.
You hear the hiss of flowing sand.
There is an entrance to an ossuary on this level.
Hurry and find it before the portal is buried!
You hear the slow hiss of a distant avalanche of sand.
Prince Ribbit croaks.
As you read the scroll labelled TIPOUTZ HIOWE, it crumbles to dust.
It is a scroll of identify.
t - 3 potions of curing Prince Ribbit catches a moth with his tongue.
The orc priest shouts!
You hear an angry hiss.
The orc priest looks satisfied for a moment.
The orc shouts!
The orc priest mumbles some strange prayers to Beogh against you.
Beogh smites you!
* * * LOW HITPOINT WARNING * * *
Prince Ribbit blinks!
Prince Ribbit blinks!
The orc priest mumbles some strange prayers to Beogh against you.
Beogh smites you!
* * * LOW HITPOINT WARNING * * *
Prince Ribbit catches a hornet with his tongue.
The orc priest looks satisfied for a moment.
The orc wizard shouts!
The orc wizard points at you and mumbles some strange words.
You are confused.
You're too confused to move!
Prince Ribbit blinks!
A howler monkey comes into view.
The howler monkey howls!
The howler monkey hoots and howls with incredible vigour!
The orc wizard gestures at you while chanting.
You resist with some effort.
You hear a shout!
An iguana comes into view.
The iguana hisses angrily.
Prince Ribbit hits you!
You die...

#>.................
##!................
#..................
##..###.....lo...# ## .
##....#..........##..#
....#....##................ .
...............##..##..#.o. .#
....#..#.....Y####.#..##.(##..
. #.##.<...@####....##......
#.#.......F.o.............
###......###................
.........##..#............#
....##..###..##o......$.## ..
..#(.#..#....##..........# ..
..#.................##.### ..
#.#...##.....^....h.....#
.##.#....#...............###


You could see Prince Ribbit, an ice beast, a howler monkey (catching breath), an
iguana, an orc wizard and an orc.

Vanquished Creatures
  A phantom (D:4)
  An orc wizard (D:4)
  3 adders
  3 adder skeletons (D:4)
  A worm (D:3)
  4 dart slugs
  7 orcs
  3 bats
  6 endoplasms
  3 giant cockroaches
  12 goblins
  8 hobgoblins
  3 jackals (D:2)
  7 kobolds
  4 quokkas
  12 ball pythons
  3 frilled lizards
  4 rats
85 creatures vanquished.

Notes
Turn   | Place    | Note
-------+----------+-------------------------------------------
     0 | D:1      | avis the Hill Orc Monk began the quest for the Orb.
     0 | D:1      | Reached XP level 1. HP: 19/19 MP: 1/1
   252 | D:1      | Reached XP level 2. HP: 24/27 MP: 2/2
   316 | D:1      | Found a faded altar of an unknown god.
   531 | D:1      | Reached skill level 4 in Unarmed Combat
   778 | D:1      | Reached XP level 3. HP: 26/33 MP: 3/3
  1967 | D:2      | Reached XP level 4. HP: 26/41 MP: 4/4
  2077 | D:2      | You fall into a shaft and drop 2 floors!
  2095 | D:4      | Reached skill level 5 in Unarmed Combat
  2828 | D:2      | Found a runed translucent door.
  2829 | D:2      | Noticed Crazy Yiuf
  3046 | D:2      | Reached XP level 5. HP: 47/47 MP: 5/5
  3873 | D:4      | Became a worshipper of Beogh the Brigand
  3873 | D:4      | Reached * piety under Beogh
  3873 | D:4      | Reached ** piety under Beogh
  4600 | D:4      | Reached skill level 5 in Fighting
  5131 | D:5      | Entered Level 5 of the Dungeon
  5292 | D:5      | Noticed an ice beast
  5293 | D:5      | Noticed a phantom
  5320 | D:4      | Killed a phantom
  5321 | D:4      | Reached skill level 6 in Unarmed Combat
  5321 | D:4      | Reached skill level 1 in Invocations
  5321 | D:4      | Reached XP level 6. HP: 16/56 MP: 2/7
  5386 | D:5      | Noticed Prince Ribbit
  5402 | D:5      | Slain by Prince Ribbit

Illustrated notes

Levels and vault maps discovered:
D:1:      scummos_arrival_simple_crosswalls, layout_loops_ring,
          shapermc_ecumenical_altar_venn
D:2:      layout_loops_ring, minmay_misc_feat_square, uniq_crazy_yiuf_cottage
D:3:      layout_loops_cross
D:4:      layout_basic
D:5:      layout_cave_pools, temple_hall, enter_ossuary_5,
          minmay_misc_feat_doors, uniq_pikel, uniq_prince_ribbit1

Skill      XL: |  1  2  3  4  5 |
---------------+----------------+-----
Fighting       | 4 5 |  5.0
Unarmed Combat | 4 5 6 |  6.2
Invocations    | 1 |  1.9
Dodging        | |  2.4
Stealth        | |  1.5

Action                   |  1- 3 |  4- 6 || total
-------------------------+-------+-------++-------
Melee: Unarmed           |   148 |   120 ||   268
       Punch             |     3 |     1 ||     4
 Fire: Hunting sling     |       |    65 ||    65
Invok: Smiting           |       |     1 ||     1
       Convert to Beogh  |       |     1 ||     1
  Use: Scroll            |       |     1 ||     1
 Stab: Sleeping          |     3 |     2 ||     5
Armor: Robe              |    24 |    15 ||    39
Dodge: Dodged            |    67 |    58 ||   125

Table legend: (Time is in decaauts)
 A = Elapsed time spent in this place.
 B = Non-inter-level travel time spent in this place.
 C = Inter-level travel time spent in this place.
 D = Time resting spent in this place.
 E = Time spent auto-exploring this place.
 F = Levels seen in this place.
 G = Mean time per level.
                   A        B        C        D        E       F      G
               +--------+--------+--------+--------+--------+-----+--------+
         Total |   5385 |   4707 |    678 |    937 |   2608 |   5 | 1077.0 |
       Dungeon |   5385 |   4707 |    678 |    937 |   2608 |   5 | 1077.0 |
               +--------+--------+--------+--------+--------+-----+--------+

Top non-repeatable levels by time:
     D:4: 1687 daAuts
     D:1: 1679 daAuts
     D:2: 1113 daAuts
     D:3: 857 daAuts
     D:5: 47 daAuts
